 Dungeon Crawl Stone Soup version 0.21.1-1-g345015fe64 (webtiles) character file.

128 Bapho the Skirmisher (level 4, -9/41 HPs)
             Began as a Minotaur Monk on June 29, 2018.
             Mangled by an ice beast (12 damage)
             ... on level 3 of the Dungeon.
             The game lasted 00:05:22 (2081 turns).

Bapho the Skirmisher (Minotaur Monk)                Turns: 2081, Time: 00:05:23

Health: -9/41      AC: 10    Str: 15    XL:     4   Next: 86%
Magic:  3/3        EV:  8    Int:  7    God:
Gold:   73         SH:  0    Dex: 14    Spells: 3/3 levels left

rFire    . . .     SeeInvis .   a - +0 falchion
rCold    . . .     Gourm    .   (no shield)
rNeg     . . .     Faith    .   h - +0 chain mail
rPois    .         Spirit   .   (helmet restricted)
rElec    .         Reflect  .   (no cloak)
rCorr    .         Harm     .   q - +0 pair of gloves
MR       .....                  (no boots)
Stlth    ..........             (no amulet)
HPRegen  0.13/turn              (no ring)
MPRegen  0.08/turn              (no ring)

@: no status effects
A: retaliatory headbutt, horns 2
a: no special abilities


You were on level 3 of the Dungeon.
You were not hungry.

You visited 1 branch of the dungeon, and saw 4 of its levels.

You collected 73 gold pieces.

Inventory:

Hand Weapons
 a - a +0 falchion (weapon)
Missiles
 g - 70 stones (quivered)
Armour
 b - a +0 robe
 f - a +0 ring mail
 h - a +0 chain mail (worn)
 q - a +0 pair of gloves (worn)
Jewellery
 n - an uncursed ring of protection from fire {unknown}
 r - a cursed -6 ring of evasion {unknown}
Scrolls
 d - 2 scrolls of identify {unknown}
 e - a scroll of teleportation {unknown}
 i - a scroll of remove curse {unknown}
 m - a scroll of blinking {unknown}
Potions
 j - 3 potions of curing {unknown}
 k - a potion of mutation {unknown}
 o - a potion of brilliance {unknown}
 p - 2 potions of might {unknown}
Comestibles
 c - 4 rations


   Skills:
 + Level 4.7 Fighting
 + Level 4.5 Long Blades
 + Level 2.5 Armour
 + Level 4.1 Dodging
 - Level 1.5 Stealth


You had 3 spell levels left.
You didn't know any spells.

Dungeon Overview and Level Annotations

Branches:
Dungeon (4/15)
 Temple: D:4-7

Altars:
Vehumet


Innate Abilities, Weirdness & Mutations

You reflexively headbutt those who attack you in melee.
You have a pair of horns on your head.


Message History

The ice beast is moderately wounded.
The ice beast hits you. The ice beast freezes you!
You are too injured to fight recklessly!
You are too injured to fight recklessly!
You are too injured to fight recklessly!
You are too injured to fight recklessly!
You are too injured to fight recklessly!
The ice beast hits you. The ice beast freezes you!
* * * LOW HITPOINT WARNING * * *
You see here an enchanted flail.
There is a stone staircase leading up here.
You see here a club.
Things that are here:
a dagger; a robe
Okay, then.
Okay, then.
The ice beast hits you.
* * * LOW HITPOINT WARNING * * *
The ice beast freezes you!
You die...

..
##.######)........#
# #....#
#<........#
####...#.).......#
#.#..)......#
#..........<#
###.........#
..###.........#
#.......Y.....#
###..@......#
#.........#
#.........#
###########


You could see an ice beast.

Vanquished Creatures
  A centaur skeleton (D:4)
  An orc wizard (D:3)
  An adder (D:2)
  3 dart slugs
  5 orcs
  A giant cockroach (D:1)
  6 hobgoblins
  8 jackals (D:2)
  7 kobolds
  3 bats
  2 frilled lizards
  6 goblins
  3 rats
47 creatures vanquished.

Vanquished Creatures (others)
  A ghoul (D:1)
  A vine stalker (D:1)
  2 elves (D:1)
  A troll (D:1)
  A vampire (D:1)
  A spriggan (D:1)
  A human (D:1)
  A dwarf (D:1)
  3 centaurs (D:1)
  A mummy (D:1)
  An orc (D:1)
  A kobold (D:1)
  4 tentacles (D:1)
19 creatures vanquished.

Grand Total: 66 creatures vanquished

Notes
Turn   | Place    | Note
-------+----------+-------------------------------------------
     0 | D:1      | Bapho the Minotaur Monk began the quest for the Orb.
     0 | D:1      | Reached XP level 1. HP: 19/19 MP: 0/0
     2 | D:1      | Noticed a centaur
     2 | D:1      | Noticed a spriggan
     2 | D:1      | Noticed a troll
     2 | D:1      | Noticed a centaur
     2 | D:1      | Noticed a dwarf
     2 | D:1      | Noticed a human
     2 | D:1      | Noticed a kraken
     2 | D:1      | Noticed a centaur
     2 | D:1      | Noticed an elf
     2 | D:1      | Noticed a vampire
     2 | D:1      | Noticed a vine stalker
     2 | D:1      | Noticed an elf
     2 | D:1      | Noticed a ghoul
     6 | D:1      | Killed a human
     7 | D:1      | Killed a centaur
     8 | D:1      | Killed a dwarf
     9 | D:1      | Killed a ghoul
    10 | D:1      | Killed a vine stalker
    11 | D:1      | Killed a vampire
    11 | D:1      | Killed an elf
    12 | D:1      | Killed an elf
    14 | D:1      | Killed a troll
    15 | D:1      | Killed a centaur
    15 | D:1      | Killed a spriggan
    16 | D:1      | Killed a centaur
    35 | D:1      | Reached XP level 2. HP: 21/27 MP: 1/1
   117 | D:1      | Reached skill level 1 in Armour
   807 | D:2      | Reached XP level 3. HP: 33/33 MP: 2/2
   881 | D:2      | Found a radiant altar of Vehumet.
  1455 | D:2      | You fall through a shaft for 2 floors!
  1460 | D:4      | Reached XP level 4. HP: 35/41 MP: 3/3
  2046 | D:3      | Noticed an ice beast
  2064 | D:3      | HP: 2/41 [ice beast (13)]
  2081 | D:3      | Mangled by an ice beast

Skill      XL: |  1  2  3 |
---------------+----------+-----
Armour         | 1 2 |  2.5
Fighting       | 4 |  4.7
Long Blades    | 4 |  4.5
Dodging        | 4 |  4.1
Stealth        | |  1.5

Action                   |  1- 3 |  4- 6 || total
-------------------------+-------+-------++-------
Melee: Falchion          |    87 |    40 ||   127
       Headbutt          |    21 |     7 ||    28
Throw: Stone             |    54 |     9 ||    63
  Eat: Chunk             |     2 |     2 ||     4
Armor: Robe              |     4 |       ||     4
       Chain mail        |    37 |    21 ||    58
Dodge: Dodged            |    32 |    14 ||    46
       Rpst.: Falchion   |     6 |     2 ||     8
